 Dungeon Crawl Stone Soup version 0.31.0-1-g2c135a0 (webtiles) character file.

Game seed: 185451082401414465

37053 brinewave the Severer (level 13, -5/124 HPs)
             Began as a Minotaur Berserker on Feb 3, 2024.
             Was a High Priest of Trog.
             Blown up by a lich (10 damage)
             ... with a wavering orb of destruction
             ... on level 3 of the Abyss on Feb 4, 2024.
             The game lasted 00:41:04 (13871 turns).

brinewave the Severer (Minotaur Berserker)         Turns: 13871, Time: 00:41:05

Health: -5/124     AC: 14    Str: 23    XL:     13   Next: 56%
Magic:  12/12      EV: 16    Int:  4    God:    Trog [*****.]
Gold:   757        SH:  5    Dex:  8    Spells: 12/12 levels left

rFire   + . .        W - +6 battleaxe (flame)
rCold   + . .        (shield currently unavailable)
rNeg    . . .        Y - +2 leather armour {rF+}
rPois   .            (helmet restricted)
rElec   .            e - +0 cloak
rCorr   .            l - +1 pair of gloves
SInv    .            i - +2 pair of boots {Fly}
Will    ++...        y - amulet of reflection
Stlth   +            P - +5 ring of evasion
HPRegen 1.00/turn    N - ring of protection from cold
MPRegen 0.13/turn

%: reflection
@: strong-willed, flying, regenerating, slowed, lost intelligence, unable to
read, very slow
A: horns 2, retaliatory headbutt, [clumsy 1], [inhibited regeneration], [weak 2]
a: Renounce Religion, Berserk, Trog's Hand, Brothers in Arms


You were on level 3 of the Abyss.
You worshipped Trog.
Trog was extremely pleased with you.
You visited 3 branches of the dungeon, and saw 15 of its levels.
You visited the Abyss 1 time.
You also visited: Volcano.

You collected 757 gold pieces.

Inventory:

Hand Weapons
 p - the +2 war axe of Indomitability {elec, rPois Stlth+}
   (You found it on level 3 of the Dungeon)

   rPois:     It protects you from poison Stlth+: It makes you more stealthy.
 R - a +1 vampiric trident
 W - a +6 battleaxe of flaming (weapon)
Missiles
 d - 128 stones (quivered)
 u - 13 boomerangs
 H - 2 throwing nets
 J - 7 poisoned darts
Armour
 e - a +0 cloak (worn)
 i - a +2 pair of boots of flying (worn)
 l - a +1 pair of gloves (worn)
 m - a +0 plate armour
 A - a +2 robe of cold resistance
 B - a +3 scale mail of poison resistance
 E - a +0 buckler
 Y - a +2 leather armour of fire resistance (worn)
 Z - a +2 robe of willpower
Jewellery
 g - a ring of positive energy
 y - an amulet of reflection (around neck)
 N - a ring of protection from cold (right hand)
 P - a +5 ring of evasion (left hand)
Wands
 b - a wand of charming (8)
 v - a wand of roots (8)
 I - a wand of digging (6)
 Q - a wand of polymorph (5)
 S - a wand of mindburst (7)
 T - a wand of flame (5)
Scrolls
 a - a scroll of fog
 h - a scroll of fear
 o - a scroll of vulnerability {unknown}
 r - a scroll of revelation
 s - 4 scrolls of teleportation
 t - a scroll of immolation {unknown}
 w - a scroll of poison
 x - a scroll of summoning {unknown}
 F - a scroll of brand weapon {unknown}
 G - a scroll of silence {unknown}
 K - 2 scrolls of enchant armour {unknown}
 L - a scroll of blinking {unknown}
 X - 2 scrolls of amnesia {unknown}
Potions
 c - a potion of heal wounds
 f - 6 potions of mutation
 j - a potion of ambrosia
 k - 2 potions of haste
 n - a potion of degeneration {unknown}
 q - a potion of berserk rage
 z - a potion of cancellation {unknown}
 C - 3 potions of might
 D - 2 potions of invisibility {unknown}
 M - 4 potions of curing {unknown}
 O - 2 potions of attraction {unknown}
 U - 2 potions of enlightenment {unknown}
 V - a potion of lignification {unknown}


   Skills:
 + Level 14.1 Fighting
 * Level 19.2 Axes
 + Level 13.9 Armour
 - Level 2.1 Dodging
 - Level 6.9 Shields


You had 12 spell levels left.
You didn't know any spells.
Your spell library was empty.

Dungeon Overview and Level Annotations

Branches:
Dungeon (10/15)            Temple (1/1) D:4            Lair (4/5) D:9
  Swamp (0/4) Lair:2        Snake (0/4) Lair:2        Slime (0/5) Lair:4
Volcano (visited)
    Orc: D:9-12

Altars:
Ashenzari
Cheibriados
Dithmenos
Elyvilon
Fedhas
Gozag
Hepliaklqana
Kikubaaqudgha
Makhleb
Nemelex Xobeh
Okawaru
Qazlal
Ru
Sif Muna
Trog
Uskayaw
Vehumet
Wu Jian
Xom
Yredelemnul
Zin
The Shining One
Jiyva

Shops:
D:4 [*


Innate Abilities, Weirdness & Mutations

You have a pair of horns on your head.
You reflexively headbutt those who attack you in melee.
[You are clumsy. (Dex -2)]
[You do not regenerate when monsters are visible.]
[You are very weak. (Str -4)]


Message History

Your iron troll closely misses the thrashing horror.
A starcursed mass splits. x2
Your life force feels restored.
The thrashing horror barely misses your iron troll.
The thrashing horror closely misses your iron troll.
The thrashing horror tramples your iron troll!
Your iron troll stumbles backwards!
The thrashing horror tramples you!
* * * LOW HITPOINT WARNING * * *
You hold your ground!
The thrashing horror tramples you but does no damage.
Your iron troll bites the thrashing horror!
Your iron troll claws the thrashing horror! x2
The thrashing horror is destroyed!
Trog accepts your kill.
The starcursed mass shrieks in your mind.
* * * LOW HITPOINT WARNING * * *
Your iron troll bites the small abomination!!
Your iron troll claws the small abomination but does no damage.
Your iron troll claws the small abomination!
The small abomination is destroyed!
Trog accepts your kill.
You feel the corruption within you wane somewhat.
You feel clever. x2; You feel agile.
You cannot read scrolls in your current state!
The thrashing horror closely misses you.
The thrashing horror tramples you but does no damage.
The lich mumbles some strange words.
The lich seems to speed up.
Your iron troll rages.
The thrashing horror tramples your iron troll.
Your iron troll holds its ground!
The thrashing horror tramples your iron troll but does no damage.
A chorus of shrieks assaults your mind.
* * * LOW HITPOINT WARNING * * *
The thrashing horror tramples your iron troll!
Your iron troll holds its ground!
The thrashing horror tramples your iron troll but does no damage.
The lich conjures a glowing orb.
The wavering orb of destruction weakly hits you!
You die...

# ###.#.## # . ...#
#.# #.# . # ##. ##.
. # #.# . # . ..X
.. .# # # ######X.X
## ##.# # #
#....X..X. #..#
##.#X##X... ..#...
#.@L.X.X... W
.##..#.####T#.##.##
#.. . .....#.#.#.#
# #..... .##X##.#
..2 #. #.#.#.#.#
..##.## .....#.#..
. . ......#.# . #
...#..#.##. ##..
##.. . .


You could see 6 starcursed masses, a lich (fast), a thrashing horror (ally
target) and a friendly iron troll (summoned, berserk, misshapen).

Vanquished Creatures
  A profane servitor (Abyss:3)
  Harold (D:9)
  3 hydras
  An alligator (Lair:2)
  A dancing weapon (Volcano)
  A two-headed ogre (D:10)
  6 death yaks
  An occultist (Volcano)
  A sixfirhy (Abyss:3)
  2 wretched stars (Abyss:3)
  A large abomination (Abyss:3)
  An orc sorcerer (Volcano)
  2 starcursed masses (Abyss:3)
  4 toenail golems (Volcano)
  3 elephants (Lair:4)
  2 black mambas (Lair:1)
  11 cane toads
  Jeremiah (D:6)
  3 rime drakes
  3 komodo dragons
  3 burning bushes (Lair:3)
  A hornet (D:9)
  A troll (D:9)
  3 blink frogs (Lair:4)
  A stone giant simulacrum (Abyss:3)
  3 wyverns
  26 yaks
  A ynoxinul (Abyss:3)
  6 basilisks
  Eustachio (D:6)
  4 humans (Volcano)
  2 steam dragons
  Edmund (D:6)
  3 nagas (Lair:2)
  17 water moccasins
  A sky beast (D:7)
  6 orc warriors
  An ice beast (D:8)
  2 ogres
  2 black bears (D:5)
  2 centaurs (D:6)
  5 wolves
  3 lemures (D:5)
  A weeping skull (Abyss:3)
  2 phantoms
  12 bullfrogs
  A scorpion (D:4)
  4 wights (D:9)
  6 killer bees (D:9)
  3 howler monkeys
  4 hounds
  3 bombardier beetles
  4 jellies
  6 orc priests
  7 iguanas
  3 sleepcaps
  7 orc wizards
  6 hell rats
  3 gnolls (D:4)
  14 adders
  A river rat (D:9)
  A shadow imp (D:3)
  2 ufetubi (D:5)
  4 dart slugs
  3 ribbon worms
  31 orcs
  7 ball pythons
  14 endoplasms
  5 giant cockroaches
  5 goblins
  3 hobgoblins
  6 jackals
  4 quokkas
  5 bats
  2 frilled lizards
  10 kobolds
  11 rats
  A lurking horror (Abyss:3)
345 creatures vanquished.

Vanquished Creatures (collateral kills)
  A thrashing horror (Abyss:3)
  A wretched star (Abyss:3)
  A naga skeleton (Abyss:3)
  A small abomination (Abyss:3)
4 creatures vanquished.

Grand Total: 349 creatures vanquished

Notes
Turn   | Place    | Note
-------+----------+-------------------------------------------
     0 | D:1      | brinewave the Minotaur Berserker began the quest for the
                  | Orb.
     0 | D:1      | Reached XP level 1. HP: 19/19 MP: 0/0
   104 | D:1      | Reached skill level 4 in Axes
   214 | D:1      | Reached XP level 2. HP: 27/27 MP: 1/1
  1097 | D:2      | Reached XP level 3. HP: 31/33 MP: 2/2
  1126 | D:2      | Reached ** piety under Trog
  1331 | D:2      | Found a faded altar of an unknown god.
  1414 | D:2      | Reached XP level 4. HP: 39/40 MP: 3/3
  1419 | D:2      | Reached skill level 5 in Axes
  1766 | D:3      | Identified the +2 war axe of Indomitability {elec, rPois
                  | Stlth+}
  1916 | D:3      | Reached XP level 5. HP: 47/47 MP: 4/4
  2020 | D:3      | Reached *** piety under Trog
  2021 | D:3      | Reached skill level 6 in Axes
  2336 | D:4      | Noticed a phantom
  2349 | D:4      | Killed a phantom
  2350 | D:4      | Reached skill level 5 in Fighting
  2350 | D:4      | Reached XP level 6. HP: 46/56 MP: 5/5
  2384 | D:4      | Found Otosug's Armour Emporium.
  2945 | D:4      | Found a staircase to the Ecumenical Temple.
  2951 | Temple   | Entered the Ecumenical Temple
  3240 | D:4      | Found Miryb's Serpentskin Sales.
  3240 | D:4      | Noticed a water moccasin
  3244 | D:4      | Killed a water moccasin
  3245 | D:4      | Reached skill level 7 in Axes
  3245 | D:4      | Reached skill level 5 in Armour
  3245 | D:4      | Reached XP level 7. HP: 62/62 MP: 6/6
  3643 | D:5      | Entered Level 5 of the Dungeon
  3973 | D:5      | Reached skill level 8 in Axes
  4548 | D:6      | Reached skill level 9 in Axes
  4548 | D:6      | Reached XP level 8. HP: 28/71 MP: 7/7
  4743 | D:6      | Reached **** piety under Trog
  4761 | D:6      | Noticed Eustachio
  4769 | D:6      | Reached skill level 10 in Axes
  4781 | D:6      | Killed Eustachio
  4783 | D:6      | Reached XP level 9. HP: 50/81 MP: 8/8
  4783 | D:6      | Noticed Jeremiah
  5090 | D:6      | Found an opulent altar of Gozag.
  5091 | D:6      | Found a shadowy altar of Dithmenos.
  5104 | D:6      | Noticed Edmund
  5111 | D:6      | Killed Edmund
  5128 | D:6      | Found a burning altar of Makhleb.
  5131 | D:6      | Found a sacrificial altar of Ru.
  5132 | D:6      | Found a sparkling altar of Nemelex Xobeh.
  5138 | D:6      | Found a snail-covered altar of Cheibriados.
  5139 | D:6      | Found a radiant altar of Vehumet.
  5491 | D:6      | Killed Jeremiah
  5492 | D:6      | Reached skill level 11 in Axes
  5717 | D:7      | Reached skill level 12 in Axes
  7012 | D:8      | Reached ***** piety under Trog
  7013 | D:8      | Reached XP level 10. HP: 88/91 MP: 9/9
  7087 | D:9      | Reached skill level 1 in Shields
  7405 | D:9      | Noticed a death yak
  7436 | D:9      | Noticed a death yak
  7438 | D:9      | Noticed a death yak
  7440 | D:9      | Killed a death yak
  7441 | D:9      | Reached skill level 13 in Axes
  7464 | D:9      | Killed a death yak
  7473 | D:9      | Killed a death yak
  7474 | D:9      | Reached skill level 10 in Fighting
  7729 | D:9      | Found a staircase to the Lair.
  7766 | D:9      | Noticed Harold
  7791 | D:9      | Killed Harold
  7792 | D:9      | Reached skill level 14 in Axes
  7792 | D:9      | Reached skill level 10 in Armour
  8494 | D:10     | Entered Level 10 of the Dungeon
  8646 | D:10     | Noticed a two-headed ogre
  8662 | D:10     | Killed a two-headed ogre
  8663 | D:10     | Reached XP level 11. HP: 90/101 MP: 10/10
  8863 | D:10     | Reached skill level 5 in Shields
  9190 | Lair:1   | Entered Level 1 of the Lair of Beasts
  9523 | Lair:1   | Noticed a death yak
  9537 | Lair:1   | Noticed a death yak
  9539 | Lair:1   | Noticed a death yak
  9545 | Lair:1   | Killed a death yak
  9649 | D:9      | Killed a death yak
  9650 | D:9      | Reached skill level 15 in Axes
  9719 | D:9      | Killed a death yak
 10059 | Lair:1   | Noticed a six-headed hydra
 10081 | Lair:1   | Received a gift from Trog
 10086 | Lair:1   | Killed a six-headed hydra
 10687 | Lair:2   | Reached skill level 16 in Axes
 10687 | Lair:2   | Reached XP level 12. HP: 100/112 MP: 11/11
 10848 | Lair:2   | Found a staircase to the Snake Pit.
 11345 | Lair:2   | Found a staircase to the Swamp.
 11345 | Lair:2   | Noticed an alligator
 11362 | Lair:2   | Killed an alligator
 11690 | Lair:2   | Found the amulet of Elemental Vulnerability {rPois rF--
                  | rC-- AC+8}
 12260 | Lair:3   | Reached skill level 17 in Axes
 13270 | Lair:4   | Noticed a six-headed hydra
 13274 | Lair:3   | Killed a four-headed hydra
 13342 | Lair:4   | Received a gift from Trog
 13344 | Lair:4   | Found a staircase to the Slime Pits.
 13344 | Lair:4   | Found a viscous altar of Jiyva.
 13363 | Lair:4   | Noticed a six-headed hydra
 13365 | Lair:4   | Found a dark tunnel.
 13367 | Lair:4   | Killed a four-headed hydra
 13368 | Lair:4   | Reached skill level 18 in Axes
 13373 | Lair:4   | Reached XP level 13. HP: 112/122 MP: 12/12
 13382 | Volcano  | Entered a volcano
 13611 | Abyss:3  | Found a corrupted altar of Lugonu.
 13611 | Abyss:3  | Found a corrupted altar of Lugonu.
 13611 | Abyss:3  | Cast into level 3 of the Abyss (an occultist)
 13710 | Abyss:3  | Noticed a profane servitor
 13727 | Abyss:3  | Killed a profane servitor
 13773 | Abyss:3  | Noticed a starcursed mass
 13793 | Abyss:3  | Reached skill level 19 in Axes
 13833 | Abyss:3  | Noticed an angel
 13860 | Abyss:3  | Noticed a lich
 13863 | Abyss:3  | Noticed a starcursed mass
 13864 | Abyss:3  | Lost intelligence.
 13870 | Abyss:3  | HP: 4/124 [starcursed mass/accursed screaming (11)]
 13871 | Abyss:3  | Blown up by a lich

Illustrated notes

Levels and vault maps discovered:
D:1:      matt_arrival_los_fun, layout_basic, chequers_garden
D:2:      layout_rooms, hellmonk_ecumenical_altar_arch_garden
D:3:      layout_loops_cross
D:4:      layout_layer_cave, minmay_temple_entry_hall, serial_shops,
          nicolae_take_the_stairs, kennysheep_small_spiral, serial_park_tiny_2,
          guppyfry_shop_venom
D:5:      layout_basic, uniq_pikel
D:6:      layout_loops_ring, nicolae_overflow_hallway_of_the_gods,
          minmay_checkerbox, uniq_jeremiah, uniq_edmund, uniq_eustachio
D:7:      layout_loops_ring, nicolae_elevator_lobby_plus
D:8:      layout_loops_ring, serial_aquarium, aquarium_bridge_straight
          [aquarium_subvault_bridge, aquarium_subvault_wall,
          aquarium_subvault_bridge, aquarium_subvault_wall],
          aquarium_bridge_long_joined [aquarium_subvault_bridge,
          aquarium_subvault_balcony, aquarium_subvault_balcony,
          aquarium_subvault_window, aquarium_subvault_wall,
          aquarium_subvault_window], aquarium_window_corridor_2,
          aquarium_window_fake, aquarium_window_2, aquarium_view_2d,
          minivault_27
D:9:      layout_basic, dpeg_lair_monsters, uniq_harold
D:10:     layout_roguey
Temple:   nicolae_temple_bog_church
Lair:1:   beast_lair_carwin_large_2, layout_cave_shapes
Lair:2:   layout_concentric_octagons, mainiacjoe_swamp_entry_lozenge_pond,
          minmay_snake_entry_guardpost_small, st_stairs_5,
          chequers_serial_rivers_micro_c, minivault_24
Lair:3:   layout_roguey, evilmike_ambush [evilmike_ambush_outer_doors,
          evilmike_ambush_inner_basic], serial_bayou_shore_b
Lair:4:   layout_cave_pods, minmay_slime_entry_jelly_boxes, enter_volcano_1,
          infiniplex_staircase_pool
Abyss:3:  base: D:5, hangedman_abyss_sting, minivault_23
Volcano:  volcano_bunker

Skill      XL: |  1  2  3  4  5  6  7  8  9 10 11 12 13 |
---------------+----------------------------------------+-----
Axes           | 4 5 6 7 9 10 12 14 16 18 19 | 19.2
Fighting       | 4 5 6 7 9 10 11 13 14 | 14.1
Armour         | 3 4 5 6 7 9 10 11 13 | 13.9
Shields        | 4 6 |  6.9
Dodging        | |  2.1

Action                     |  1- 3 |  4- 6 |  7- 9 | 10-12 | 13-15 || total
---------------------------+-------+-------+-------+-------+-------++-------
  Melee: Hand axe          |   104 |    16 |       |       |       ||   120
         Headbutt          |    12 |     9 |    26 |    75 |    19 ||   141
         Punch             |     1 |       |     1 |       |       ||     2
         War axe           |       |    71 |   165 |   214 |       ||   450
         Battleaxe         |       |       |       |   173 |    96 ||   269
         Trident           |       |       |       |     9 |       ||     9
  Throw: Dart              |       |       |       |     5 |       ||     5
         Throwing net      |       |       |       |     1 |       ||     1
         Boomerang         |       |       |       |     1 |       ||     1
 Invoke: Berserk           |       |     1 |     1 |     1 |       ||     3
         Trog's Hand       |       |       |       |       |     1 ||     1
         Brothers in Arms  |       |       |       |       |     1 ||     1
    Use: Scroll            |       |     3 |     7 |     6 |       ||    16
         Potion            |       |       |       |     1 |     2 ||     3
   Stab: Sleeping          |     1 |     1 |     2 |       |       ||     4
         Distracted        |       |       |       |     1 |     2 ||     3
 Armour: Animal skin       |     5 |       |       |       |       ||     5
         Ring mail         |    54 |    47 |    90 |       |       ||   191
         Leather armour    |     8 |       |       |       |    50 ||    58
         Plate armour      |       |       |    20 |   267 |     5 ||   292
         Scale mail        |       |       |    18 |       |       ||    18
         Robe              |       |       |       |       |    12 ||    12
  Dodge: Dodged            |    54 |    43 |    83 |   167 |    34 ||   381
  Block: Other             |       |       |    20 |    31 |    11 ||    62
         Reflection        |       |       |     2 |       |       ||     2
         Buckler           |       |       |     7 |    91 |       ||    98
